 Dungeon Crawl Stone Soup version 0.29-a0-337-g68df138881 (console) character file.

Game seed: 10274662390250102714

146 jejorda2 the Slasher (level 5, -4/42 HPs)
             Began as a Merfolk Berserker on Apr 15, 2022.
             Was a Believer of Trog.
             Slain by a gnoll
             ... wielding a +0 halberd
              (11 damage)
             ... on level 3 of the Dungeon on Apr 16, 2022.
             The game lasted 00:05:41 (2196 turns).

jejorda2 the Slasher (Merfolk Berserker)            Turns: 2196, Time: 00:05:42

Health: -4/42      AC:  7    Str: 17    XL:     5   Next: 28%
Magic:  5/5        EV: 10    Int:  7    God:    Trog [**....]
Gold:   19         SH:  0    Dex: 15    Spells: 4/4 levels left

rFire   . . .      SeeInvis +   a - +0 long sword
rCold   + . .      Faith    .   (no shield)
rNeg    . . .      Spirit   .   e - +0 scale mail
rPois   .          Reflect  .   (no helmet)
rElec   .          Harm     .   (no cloak)
rCorr   .          Rampage  .   (no gloves)
Will    .....                   c - +0 pair of boots
Stlth   ..........              (no amulet)
HPRegen 0.14/turn               n - ring of see invisible
MPRegen 0.09/turn               p - ring of protection from cold

@: on berserk cooldown, slowed, very slow
A: (nimble swimmer 2), mertail
a: Renounce Religion, Berserk, Trog's Hand


You were on level 3 of the Dungeon.
You worshipped Trog.
Trog was pleased with you.
You visited 1 branch of the dungeon, and saw 3 of its levels.

You collected 112 gold pieces.
You spent 93 gold pieces at shops.

Inventory:

Hand Weapons
 a - a +0 long sword (weapon)
 d - a +0 dagger
Missiles
 j - 62 stones (quivered)
 l - a throwing net
Armour
 c - a +0 pair of boots (worn)
 e - a +0 scale mail (worn)
Jewellery
 n - a ring of see invisible (left hand)
 p - a ring of protection from cold (right hand)
Scrolls
 b - 2 scrolls of identify
 g - a scroll of holy word {unknown}
 h - a scroll of amnesia {unknown}
 i - a scroll of fog {unknown}
 k - 2 scrolls of fear
 o - a scroll of blinking {unknown}
Potions
 f - a potion of curing
 m - a potion of heal wounds


   Skills:
 + Level 4.2 Fighting
 * Level 5.5 Long Blades
 + Level 2.3 Armour
 - Level 2.6 Dodging


You had 4 spell levels left.
You didn't know any spells.
Your spell library was empty.

Dungeon Overview and Level Annotations

Branches:
Dungeon (3/15)

Altars:

Shops:
D:1 (   D:2 ?


Innate Abilities, Weirdness & Mutations

((You are very nimble when in or above water. (Stealth+, EV+, Speed+++)))
Your lower body shifts to a powerful aquatic tail in water.


Message History

A gnoll comes into view. It is wielding a +0 halberd.
The gnoll shouts!
You feel a strong urge to attack something.
You are no longer berserk.
You are exhausted.
You feel yourself slow down.
You hit the gnoll.
The gnoll is heavily wounded.
The gnoll hits you with a +0 club.
You slash the gnoll!
The gnoll is almost dead.
The gnoll barely misses you. The gnoll hits you with a +0 club!
The gnoll hits you but does no damage.
You closely miss the gnoll.
The gnoll is almost dead.
The gnoll hits you from afar with a +0 halberd!
The gnoll misses you. The gnoll hits you with a +0 club.
The gnoll hits you from afar with a +0 halberd.
You are too injured to fight recklessly!
You are too injured to fight recklessly!
You are too injured to fight recklessly!
You slash the gnoll!
You kill the gnoll!
Trog accepts your kill.
The gnoll hits you from afar with a +0 halberd.
* * * LOW HITPOINT WARNING * * *
The gnoll closely misses you.
You see here a +0 spear.
Items here: ) †.
The gnoll barely misses you.
You see here a +0 club.
There is a stone staircase leading down here.
The gnoll barely misses you. The gnoll barely misses you.
The gnoll hits you from afar with a +0 halberd!
* * * LOW HITPOINT WARNING * * *
The gnoll misses you.
You see here a +0 robe.
The gnoll hits you from afar with a +0 halberd!
You die...

##.###....!.#
#..#
##(#.....
#.## .......
##.# ##.....
########..#
..#..
#........##
## .
#.....g..#
#.......##
#..[.@..#####
#............
#....<..####.
#.......#
#.......#
#.......#
#########


You could see a gnoll.

Vanquished Creatures
  7 gnolls
  An adder (D:2)
  3 worms (D:2)
  3 dart slugs
  3 ball pythons
  5 bats
  4 endoplasms
  4 giant cockroaches
  6 goblins
  5 hobgoblins
  2 kobolds (D:1)
  3 quokkas
  4 frilled lizards
  5 rats
55 creatures vanquished.

Notes
Turn   | Place    | Note
-------+----------+-------------------------------------------
     0 | D:1      | jejorda2 the Merfolk Berserker began the quest for the Orb.
     0 | D:1      | Reached XP level 1. HP: 18/18 MP: 1/1
   421 | D:1      | Found Plog's Weapon Boutique.
   423 | D:1      | Reached XP level 2. HP: 24/24 MP: 2/2
   430 | D:1      | Bought a +0 long sword for 38 gold pieces
   459 | D:1      | Reached skill level 4 in Long Blades
   946 | D:1      | Found a faded altar of an unknown god.
   974 | D:1      | Reached XP level 3. HP: 29/29 MP: 3/3
  1206 | D:2      | Reached ** piety under Trog
  1207 | D:2      | Upgraded the game from 0.29-a0-334-gb41bcbb86e to
                  | 0.29-a0-337-g68df138881
  1434 | D:2      | Reached XP level 4. HP: 37/37 MP: 4/4
  1487 | D:2      | Found Faofits's Magic Scroll Boutique.
  1498 | D:2      | Bought a scroll of identify for 20 gold pieces
  1611 | D:2      | Bought a scroll of fear for 35 gold pieces
  1657 | D:2      | Reached skill level 5 in Long Blades
  2170 | D:3      | Reached XP level 5. HP: 42/42 MP: 5/5
  2196 | D:3      | Slain by a gnoll

Illustrated notes

Levels and vault maps discovered:
D:1:      minmay_arrival_doors, layout_basic, serial_shops,
          nicolae_shop_bloodbath_and_beyond,
          shapermc_ecumenical_altar_notcrosses
D:2:      layout_basic, serial_shops, shop, st_stairs_11, minmay_pentomino_z2
D:3:      layout_rooms, serial_shops, shop, pf_guarded_unrand_delatra

Skill      XL: |  1  2  3  4 |
---------------+-------------+-----
Long Blades    | 4 5 |  5.5
Armour         | 2 |  2.3
Fighting       | 4 |  4.2
Dodging        | |  2.6

Action                   |  1- 3 |  4- 6 || total
-------------------------+-------+-------++-------
Melee: Falchion          |    23 |       ||    23
       Long sword        |    83 |    61 ||   144
       Punch             |     1 |       ||     1
Throw: Stone             |     1 |     2 ||     3
Invok: Berserk           |       |     2 ||     2
  Use: Scroll            |       |     2 ||     2
Armor: Scale mail        |    49 |    22 ||    71
       Animal skin       |     5 |       ||     5
Dodge: Dodged            |    54 |    45 ||    99

Table legend: (Time is in decaauts)
 A = Elapsed time spent in this place.
 B = Non-inter-level travel time spent in this place.
 C = Inter-level travel time spent in this place.
 D = Time resting spent in this place.
 E = Time spent auto-exploring this place.
 F = Levels seen in this place.
 G = Mean time per level.
                   A        B        C        D        E       F      G
               +--------+--------+--------+--------+--------+-----+--------+
         Total |   2237 |   2068 |    169 |    138 |   1481 |   3 |  745.7 |
       Dungeon |   2237 |   2068 |    169 |    138 |   1481 |   3 |  745.7 |
               +--------+--------+--------+--------+--------+-----+--------+

Top non-repeatable levels by time:
     D:1: 1382 daAuts
     D:2: 795 daAuts
     D:3: 58 daAuts
